AoeStats
← XMaster4000

Arena

509520921Analyzed
3v3 RM · 4d ago on Sep 27, 2026· 51m 21s· 6 players
Game mode
Random Map
Map size
Normal (6 player)
Population
200
Speed
Normal
Resources
Standard
Victory
Conquest
Starting age
Dark Age
Ending age
Imperial Age
RankedLock teamsTeams togetherTeam positionsShared explorationLock speedFull tech treeHidden civsTurbo modeCheats
Victory
Defeat
🇺🇾 Khmer · Uruguay
871
+15
🇹🇼 Spanish · Taiwan
856
+16
🇦🇷 Mongols · Argentina
804
+45
🇨🇴 Portuguese · Colombia
944
-21
🇨🇴 Franks · Colombia
806
-14
🇺🇸 Celts · United States
792
-14
El Ravioli
5:54 Loom
11:38 Feudal Age
16:35 Castle Age
16:32 Horse Collar
16:39 Double-Bit Axe
17:38 Bow Saw
19:12 Heavy Plow
26:41 Wheelbarrow
26:39 Gold Mining
26:41 Stone Mining
32:14 Stone Shaft Mining
36:35 Imperial Age
34:24 Hand Cart
34:17 Scale Barding Armor
34:24 Forging
35:29 Town Watch
36:35 Fortified Wall
Your Maker
11:36 Feudal Age
16:11 Castle Age
14:08 Double-Bit Axe
14:12 Horse Collar
15:41 Gold Mining
18:31 Wheelbarrow
19:59 Pikeman
21:22 Gambesons
22:22 Bow Saw
23:32 Scale Mail Armor
23:42 Forging
25:36 Heavy Plow
27:44 Stone Mining
29:57 Forging
32:57 Fletching
33:46 Iron Casting
36:48 Imperial Age
34:35 Hand Cart
34:47 Arson
36:24 Ballistics
36:27 Fortified Wall
36:43 Scale Barding Armor
38:20 Chain Mail Armor
39:05 Blast Furnace
39:07 Conscription
40:36 Halberdier
44:25 Elite Woad Raider
XMaster4000
11:40 Feudal Age
16:47 Castle Age
19:00 Man-at-Arms
21:06 Forging
26:12 Long Swordsman
28:36 Scale Barding Armor
28:32 Scale Mail Armor
49:09 Fortified Wall
52:39 Imperial Age
50:29 Masonry
Negro Cosmico
2:48 Loom
9:45 Feudal Age
11:00 Double-Bit Axe
10:57 Horse Collar
14:59 Wheelbarrow
15:36 Gold Mining
20:08 Castle Age
20:56 Bloodlines
28:09 Hand Cart
31:08 Gold Shaft Mining
31:24 Forging
31:20 Scale Barding Armor
31:43 Caravan
32:14 Coinage
31:35 Light Cavalry
34:28 Husbandry
38:07 Heavy Plow
40:10 Stone Mining
41:08 Iron Casting
40:54 Chain Barding Armor
Fa Mu Lan
6:26 Loom
10:35 Feudal Age
12:33 Gold Mining
12:59 Double-Bit Axe
12:58 Horse Collar
18:25 Castle Age
25:27 Ballistics
27:04 Wheelbarrow
27:36 Arson
27:12 Pikeman
27:53 Squires
28:44 Redemption
30:05 Hand Cart
32:11 Heavy Plow
36:08 Imperial Age
35:13 Forging
35:04 Scale Mail Armor
35:10 Scale Barding Armor
34:55 Fletching
35:06 Padded Archer Armor
35:07 Town Watch
35:55 Padded Archer Armor
36:41 Masonry
36:21 Cavalier
37:02 Husbandry
37:47 Conscription
37:49 Supremacy
39:24 Chemistry
38:54 Architecture
39:36 Bow Saw
44:31 Architecture
45:28 Light Cavalry
48:11 Bloodlines
48:23 Chain Barding Armor
48:39 Iron Casting
48:20 Leather Archer Armor
48:01 Bodkin Arrow
50:06 Two-Man Saw
50:55 Fervor
acei7una
5:44 Loom
12:19 Feudal Age
12:52 Double-Bit Axe
19:45 Castle Age
21:49 Wheelbarrow
21:48 Gold Mining
23:11 Bow Saw
24:47 Horse Collar
27:19 Gold Shaft Mining
28:29 Fortified Wall
30:33 Hand Cart
31:30 Ballistics
34:12 Imperial Age
36:00 Husbandry
36:11 Bloodlines
38:51 Conscription
39:29 Scale Barding Armor
40:09 Double Crossbow
42:01 Heavy Scorpion
43:43 Chemistry
45:07 Heavy Plow
46:58 Chain Barding Armor
47:26 Elite Ballista Elephant
Connection lost

Rejoining the realm…

Still unreachable

The connection could not be restored.

Session expired

The server has moved on; the page needs a fresh start.